Map: At Eternity's Edge LE

Players

CrippledHand - Winner!

  • Race: Protoss Protoss

A.I. 2 (Very Hard)

  • Race: Terran Terran

VOD

Have the link to the VOD?

Description

Time

  • Played on: Aug. 18, 2026, 12:45 a.m.
  • Length: 5:03
Show
View Real Time Build Order
Export as new Build Order

CrippledHand Protoss - Winner!

Build Orders:  

Get SALT Encoding   

  8  0:00  Probe  
  9  0:12  Probe  
  10  0:24  Probe  
  10  0:28  Pylon  
  11  0:36  Probe  
  12  0:48  Probe (Chrono Boost)  
  13  0:54  Gateway  
  13  1:01  Probe (Chrono Boost)  
  14  1:05  Assimilator  
  14  1:08  Probe (Chrono Boost)  
  15  1:19  Probe  
  16  1:29  Gateway  
  16  1:33  Probe  
  17  1:45  Cybernetics Core  
  17  1:49  Probe  
  18  2:01  Probe  
  19  2:05  Pylon  
  19  2:14  Probe  
  20  2:22  Stalker x2 (Chrono Boost)  
  20  2:24  Warp Gate (Chrono Boost)  
  24  2:32  Probe  
  25  2:48  Probe  
  26  2:54  Pylon  
  26  3:03  Gateway  
  26  3:04  Gateway  
  26  3:09  Stalker  
  28  3:17  Stalker  
  30  3:38  Pylon  
  30  3:53  Pylon  
  30  4:05  Pylon  
  30  4:07  Stalker  
  30  4:08  Zealot x2  
  30  4:09  Zealot  
  38  4:32  Stalker  
  38  4:33  Zealot x2  
  38  4:37  Stalker  
  42  4:57  Stalker  
  42  4:58  Zealot x2  
Show
View Real Time Build Order
Export as new Build Order

A.I. 2 (Very Hard) Terran 

Build Orders:  

Get SALT Encoding   

  8  0:00  SCV  
  9  0:13  SCV  
  10  0:25  SCV  
  11  0:37  SCV  
  12  0:46  Supply Depot  
  12  0:49  SCV  
  13  1:07  SCV  
  13  1:10  Barracks  
  14  1:19  SCV  
  15  1:31  SCV  
  16  1:43  SCV  
  17  1:53  Supply Depot  
  17  1:56  SCV  
  17  1:57  Marine  
  17  1:58  Refinery  
  19  2:08  SCV  
  20  2:15  Marine  
  20  2:20  SCV, Barracks  
  22  2:29  Refinery  
  22  2:32  SCV  
  22  2:33  Marine  
  24  2:44  SCV  
  24  2:46  Supply Depot  
  24  2:51  Marine  
  26  2:56  SCV  
  27  3:08  SCV, Marine  
  28  3:13  Factory  
  28  3:19  Marine  
  29  3:20  SCV  
  29  3:26  Marine  
  31  3:32  SCV  
  32  3:37  Marine  
  32  3:44  Marine, SCV  
  34  3:57  SCV  
  34  3:58  Barracks  
  35  4:06  Barracks Tech Lab  
  35  4:09  SCV  
  36  4:10  Barracks Tech Lab  
  36  4:21  Starport, SCV  
  36  4:23  Supply Depot  
  37  4:28  Factory Tech Lab  
  37  4:33  SCV  
  37  4:34  Marine x2  
Tags
 
Add a new tag
Caveats
  • Supply blocks, unpowered buildings, or Contaminate may cause inaccurate times.
  • Supply counts are checked every 10 seconds.